 Dungeon Sprint DCSS version 0.17-a0-737-gf0a300a (webtiles) character file.

28 Pikaro the Ruffian (level 2, -11/29 HPs)
             Began as a Troll Monk on Apr 25, 2015.
             Mangled by an ogre
             ... wielding a +0 giant spiked club
              (25 damage)
             ... in the Dungeon (Sprint I: "Red Sonja").
             The game lasted 00:00:24 (56 turns).

Pikaro the Ruffian (Troll Monk)                       Turns: 56, Time: 00:00:24

Health: -11/29     AC:  5    Str: 18    XL:     2   Next: 96%
Magic:  1/1        EV: 10    Int:  6    God:
Gold:   0          SH:  0    Dex: 12    Spells: 0 memorised, 1 level left

rFire  . . .     SeeInvis .       - Unarmed
rCold  . . .     Clarity  .     a - +0 robe
rNeg   . . .     SustAb   .     (no shield)
rPois  .         Gourm    +     (helmet restricted)
rElec  .         Spirit   .     (no cloak)
rCorr  .         Warding  .     (gloves unavailable)
rMut   .         NoTele   +     (boots unavailable)
MR     .....                    (no amulet)
Stlth  +.........               (no ring)
                                (no ring)

@: not resistant to hostile enchantments, very unstealthy
A: unfitting armour, claws 3, fast metabolism 3, gourmand, regeneration 2,
shaggy fur 1, tough skin 2
a: no special abilities


You were in the Dungeon.
You were full.

You visited 1 branch

Inventory:

Armour
 a - a +0 robe (worn)
Scrolls
 h - a scroll of blinking {!r}
Potions
 c - a potion of curing
 d - a potion of heal wounds
 e - a potion of haste
 f - 2 potions of magic
 g - a potion of berserk rage {!q}
Comestibles
 b - 2 bread rations


   Skills:
 - Level 2.4 Fighting
 - Level 2.4 Dodging
 - Level 1.1 Stealth
 + Level 7.2 Unarmed Combat


You had one spell level left.
You didn't know any spells.

Dungeon Overview and Level Annotations

Branches:
Dungeon (1/1)

Altars:


Innate Abilities, Weirdness & Mutations

You are too large for most types of armour.
You have claws for hands.
Your metabolism is lightning-fast.
You like to eat raw meat.
You heal very quickly.
You are covered in fur (AC +1).
You have very tough skin (AC +2).


Message History

Welcome, Pikaro the Troll Monk.
Ijyb the Twisted Goblin comes into view.
Ijyb shouts!
You scratch Ijyb but do no damage. Ijyb closely misses you.
You claw Ijyb!
Ijyb begins to bleed from his wounds!
Ijyb closely misses you.
You scratch Ijyb. Ijyb barely misses you.
You scratch Ijyb but do no damage. Ijyb hits you.
You take 1 damage, and have 21/22 hp.
You scratch Ijyb but do no damage. Ijyb barely misses you.
You barely miss Ijyb. Ijyb closely misses you.
You barely miss Ijyb. Ijyb hits you but does no damage.
Health restored: 22 You scratch Ijyb.
Ijyb hits you but does no damage.
You scratch Ijyb but do no damage. Ijyb hits you.
You take 3 damage, and have 19/22 hp.
You closely miss Ijyb. You claw Ijyb. Ijyb hits you.
You take 1 damage, and have 18/22 hp.
You barely miss Ijyb. Ijyb closely misses you.
You barely miss Ijyb. Ijyb hits you.
You take 2 damage, and have 17/22 hp.
You scratch Ijyb but do no damage. Ijyb hits you but does no damage.
You scratch Ijyb but do no damage. Ijyb hits you.
You take 4 damage, and have 14/22 hp.
You scratch Ijyb but do no damage. Ijyb hits you.
You take 1 damage, and have 13/22 hp.
You scratch Ijyb but do no damage.
Ijyb is no longer bleeding.
Ijyb hits you.
You scratch Ijyb but do no damage. You scratch Ijyb.
You kill Ijyb!
Your Unarmed Combat skill gained 3 levels and is now at level 7!
You have reached level 2!
You regained 5 hp, and now have 18/29 hp.
MP restored: 1 a chain mail; the goblin corpse of Ijyb You butcher the goblin corpse of Ijyb.
i - 3 chunks of flesh You see here a chain mail.
Eating one of 3 chunks of flesh.
This raw flesh tastes great.
You continue eating. x2
You regained 2 hp, and now have 21/29 hp.
Eating one of 2 chunks of flesh.
This raw flesh tastes great.
You continue eating. x2
Eating a chunk of flesh.
This raw flesh tastes great.
You continue eating. x2
You regained 2 hp, and now have 24/29 hp.
Items here: chain mail You start resting.
Health restored: 29; Total turns waited: 10 An ogre comes into view.
It is wielding a giant spiked club.
The ogre shouts!
You barely miss the ogre. The ogre barely misses you.
You scratch the ogre.
The ogre begins to bleed from its wounds!
The ogre hits you with a giant spiked club!!
Ouch! That really hurt!
You take 19 damage, and have 10/29 hp.
MASSIVE DAMAGE!!
HP at 34%!
You see here a chain mail.
There is an open door, spattered with blood here.
The ogre is no longer bleeding.
There is a fountain of clear blue water here.
You barely miss the ogre.
The ogre hits you with a giant spiked club!!
Ouch! That really hurt!
You die...

##########
#<.#..'..#
#..'[.#..+
#..#### +#
#..# #..#
#.O# #⌠@#
####


You could see an ogre.

Vanquished Creatures
  Ijyb (D)
1 creature vanquished.

Notes
Turn   | Place    | Note
--------------------------------------------------------------
     0 | D        | Pikaro, the Troll Monk, began the quest for the Orb.
     0 | D        | Reached XP level 1. HP: 22/22 MP: 0/0
     1 | D        | Noticed Ijyb
    20 | D        | Killed Ijyb
    20 | D        | Reached skill level 7 in Unarmed Combat
    20 | D        | Reached XP level 2. HP: 17/29 MP: 1/1
    44 | D        | Noticed an ogre
    56 | D        | Mangled by an ogre

Action                   || total
-------------------------++-------
Melee: Unarmed           ||    21
  Eat: Chunk             ||     3

Vault maps used:
D:        dungeon_sprint_1

Table legend:
 A = Turns spent in this place as a percentage of turns spent in the entire game.
 B = Non-inter-level travel turns spent in this place as a percentage of non-inter-level travel turns spent in the entire game.
 C = Inter-level travel turns spent in this place as a percentage of turns spent in this place.
 D = Turns resting spent in this place as a percentage of non-inter-level travel turns spent in this place.
 E = Turns spent auto-exploring this place as a percentage of non-inter-level travel turns spent in this place.
 F = Non-inter-level travel turns spent in this place divided by the number of levels of this place that you've seen.
                   A       B       C       D       E      F
               +-------+-------+-------+-------+-------+----------------------
         Total | 100.0 | 100.0 |   0.0 |   4.9 |   4.9 |  41.0
       Dungeon | 100.0 | 100.0 |   0.0 |   4.9 |   4.9 |  41.0
               +-------+-------+-------+-------+-------+----------------------

Table legend:
 A = Kills in this place as a percentage of kills in entire the game.
 B = Kills by you in this place as a percentage of kills by you in the entire game.
 C = Kills by friends in this place as a percentage of kills by friends in the entire game.
 D = Other kills in this place as a percentage of other kills in the entire game.
 E = Experience gained in this place as a percentage of experience gained in the entire game.
 F = Experience gained in this place divided by the number of levels of this place that you have seen.
                   A       B       C       D       E      F
               +-------+-------+-------+-------+-------+----------------------
         Total | 100.0 | 100.0 |  -nan |  -nan | 100.0 |  40.0
       Dungeon | 100.0 | 100.0 |  -nan |  -nan | 100.0 |  40.0
               +-------+-------+-------+-------+-------+----------------------
